 Dungeon Crawl Stone Soup version 0.28-a0-1518-gbe868bca14 (webtiles) character file.

Game seed: 7223652191134251630

1134 funkygono the Destroyer (level 8, -8/54 HPs)
             Began as a Human Conjurer on Jan 15, 2022.
             Was an Initiate of Vehumet.
             Killed from afar by a steam dragon (22 damage)
             ... with a ball of steam
             ... on level 6 of the Dungeon on Jan 16, 2022.
             The game lasted 00:15:45 (6484 turns).

funkygono the Destroyer (Human Conjurer)            Turns: 6484, Time: 00:15:46

Health: -8/54      AC:  6    Str:  8    XL:     8   Next: 63%
Magic:  29/33      EV: 12    Int: 21    God:    Vehumet [......]
Gold:   4          SH:  0    Dex: 11    Spells: 7/17 levels left

rFire   . . .      SeeInvis .   p - +5 flail (vorpal)
rCold   . . .      Faith    .   (no shield)
rNeg    + . .      Spirit   .   y - +0 leather armour of Terror {rPois rN+ MP+9}
rPois   +          Reflect  .   A - +2 helmet
rElec   .          Harm     .   (no cloak)
rCorr   .          Rampage  .   (no gloves)
Will    .....                   (no boots)
Stlth   ++........              (no amulet)
HPRegen 0.18/turn               i - ring of magical power
MPRegen 0.23/turn               o - ring of wizardry

@: no status effects
A: no striking features
a: Renounce Religion


You were on level 6 of the Dungeon.
You worshipped Vehumet.
Vehumet was noncommittal.
You visited 2 branches of the dungeon, and saw 7 of its levels.

You collected 138 gold pieces.
You spent 134 gold pieces at shops.

Inventory:

Hand Weapons
 d - a +0 dagger
 p - a +5 vorpal flail (weapon)
Missiles
 e - 80 stones
 h - a throwing net
Armour
 a - a +0 robe
 x - a +0 leather armour
 y - the +0 leather armour of Terror (worn) {rPois rN+ MP+9}
   (You took it off an orc on level 4 of the Dungeon)

   rPois:     It protects you from poison.
   rN:        It protects you from negative energy.
   MP:        It affects your magic capacity (+9).
 A - a +2 helmet (worn)
Jewellery
 i - a ring of magical power (left hand)
 o - a ring of wizardry (right hand)
Wands
 c - a wand of digging (7)
 m - a wand of flame (13)
 w - a wand of iceblast (9)
Scrolls
 b - 3 scrolls of amnesia
Potions
 f - 2 potions of curing
 g - a potion of degeneration {unknown}
 j - a potion of magic {unknown}
 k - a potion of lignification {unknown}
 l - 2 potions of haste
 n - 2 potions of heal wounds {unknown}
 q - 2 potions of mutation
 r - a potion of invisibility {unknown}
 t - 2 potions of flight {unknown}


   Skills:
 + Level 1.0 Fighting
 + Level 0.5 Short Blades
 + Level 0.1 Maces & Flails
 + Level 2.3 Armour
 + Level 3.0 Dodging
 - Level 2.0 Stealth
 * Level 5.1 Spellcasting
 * Level 8.1 Conjurations
 + Level 0.1 Hexes


You had 7 spell levels left.
You knew the following spells:

 Your Spells              Type           Power      Damage    Failure   Level
a - Magic Dart            Conj           100%       1d8       1%          1
b - Searing Ray           Conj           78%        2d7       1%          2
c - Dazzling Flash        Conj/Hex       44%        N/A       3%          3
d - Fulminant Prism       Conj/Hex       11%        3d9       11%         4

Your spell library contained the following spells:

 Spells                   Type           Power      Damage    Failure   Level
 Animate Skeleton         Necr           10%        N/A       6%          1
 Pain                     Necr           20%        1d5       6%          1
 Summon Small Mammal      Summ           20%        N/A       6%          1
 Sublimation of Blood     Necr           5%         N/A       9%          2
 Wereblood                Tmut           5%         N/A       9%          2
 Iskenderun's Mystic Bla  Conj/Tloc      22%        2d6       12%         4
 Call Canine Familiar     Summ           5%         N/A       17%         3
 Summon Guardian Golem    Hex/Summ       5%         N/A       17%         3
 Vampiric Draining        Necr           5%         2d6       17%         3
 Summon Hydra             Summ           2%         N/A       100%        7


Dungeon Overview and Level Annotations

Branches:
Dungeon (6/15)             Temple (1/1) D:4

Altars:
Dithmenos
Fedhas
Gozag
Hepliaklqana
Kikubaaqudgha
Okawaru
Qazlal
Ru
Sif Muna
Trog
Uskayaw
Vehumet
Wu Jian
Xom
Zin
The Shining One

Shops:
D:5 [?*((

Annotations:
D:3 1 runed translucent door, Flippered's ghost, weakling KoHu
D:4 2 transporters, NigelTetley's ghost, amateur FoFi


Message History

There is an open door here.
Your surroundings suddenly seem different.
(D) Dungeon (T) Temple
Where to? (Enter - D:5 @ (x,y), ? - help)
What level of the Dungeon? (default 1, ? - help)
There is a stone staircase leading down here.
You climb downwards.
The steam dragon hisses angrily.
Found 2 ruby potions and 20 arrows.
There is a stone staircase leading up here.
A steam dragon is nearby!
Cast which spell? (? or * to list)
Aiming: Magic Dart (safe; 1% risk of failure)
Press: ? - help, Shift-Dir - straight line, f - steam dragon
Aim: a steam dragon (100% to hit)
The magic dart hits the steam dragon.
The steam dragon is lightly wounded.
The steam dragon breathes steam at you. The ball of steam hits you!
Casting: Magic Dart (safe; 1% risk of failure)
Confirm with . or Enter, or press ? or * to list all spells.
Aiming: Searing Ray (safe; 1% risk of failure)
Press: ? - help, Shift-Dir - straight line, f/p - steam dragon
Aim: a steam dragon (lightly wounded, catching its breath, 81% to hit)
The searing ray hits the steam dragon.
The steam dragon is moderately wounded. (Press . to maintain the ray.)
You are engulfed in a cloud of scalding steam.
The searing ray hits the steam dragon.
The steam dragon is moderately wounded.
You are engulfed in a cloud of scalding steam.
The searing ray hits the steam dragon.
The steam dragon is moderately wounded.
You are engulfed in a cloud of scalding steam.
The steam dragon bites you!
* * * LOW HITPOINT WARNING * * *
The steam dragon claws you but does no damage.
The steam dragon breathes steam at you. The ball of steam hits you!!
You die...

#.#.#
#.#.#
#.#.# #
#.#.###.#
.......
#....#.##
+.D.....#
#@....!.#
#...#.#.#
#......
#.#.(.#.#
#.#...#
#.#.....
#.# ##..#
#.. ..#


You could see a steam dragon (catching breath).

Vanquished Creatures
  Eustachio (D:5)
  Menkaure (D:5)
  A black bear (D:4)
  A necrophage (D:5)
  3 scorpions
  2 howler monkeys (D:4)
  A centaur zombie (D:4)
  A bullfrog zombie (D:5)
  A hound (D:4)
  A jelly (D:4)
  An orc priest (D:4)
  A bullfrog skeleton (D:5)
  Ijyb (D:5)
  An orc wizard (D:2)
  6 gnolls
  7 adders
  2 ufetubi
  An adder skeleton (D:4)
  2 worms (D:2)
  2 dart slugs
  12 orcs
  8 bats
  7 endoplasms
  4 giant cockroaches
  8 goblins
  7 hobgoblins
  7 kobolds
  6 quokkas
  6 ball pythons
  4 frilled lizards
  6 rats
112 creatures vanquished.

Vanquished Creatures (others)
  A fulminant prism (D:4)
1 creature vanquished.

Grand Total: 113 creatures vanquished

Notes
Turn   | Place    | Note
-------+----------+-------------------------------------------
     0 | D:1      | funkygono the Human Conjurer began the quest for the Orb.
     0 | D:1      | Reached XP level 1. HP: 13/13 MP: 3/3
   228 | D:1      | Reached XP level 2. HP: 19/19 MP: 1/5
   767 | D:1      | Learned a level 2 spell: Searing Ray
   922 | D:1      | Reached XP level 3. HP: 24/24 MP: 2/6
  1009 | D:1      | Learned a level 3 spell: Dazzling Flash
  1498 | D:2      | Reached skill level 5 in Conjurations
  1500 | D:2      | Reached XP level 4. HP: 30/30 MP: 0/7
  1901 | D:2      | Found a hazy altar of Hepliaklqana.
  1978 | D:2      | Reached XP level 5. HP: 33/35 MP: 8/8
  2311 | D:2      | Found a faded altar of an unknown god.
  2806 | D:2      | Reached skill level 6 in Conjurations
  2974 | D:3      | Upgraded the game from 0.28-a0-1510-gd0f6b136d3 to
                  | 0.28-a0-1518-gbe868bca14
  3010 | D:3      | Found a runed translucent door.
  3011 | D:3      | Noticed Flippered's ghost (weakling KoHu)
  3053 | D:3      | Found a hide-covered altar of Uskayaw.
  3175 | D:3      | Reached XP level 6. HP: 41/41 MP: 10/10
  3607 | D:4      | Learned a level 4 spell: Fulminant Prism
  3943 | D:4      | Noticed a black bear
  3949 | D:4      | Killed a black bear
  3950 | D:4      | Reached XP level 7. HP: 19/47 MP: 12/12
  4021 | D:4      | Identified the +0 leather armour of Terror {rPois rN+ MP+9}
  4225 | D:4      | Found a stormy altar of Qazlal.
  4225 | D:4      | Found a shimmering blue altar of Sif Muna.
  4409 | D:4      | Reached skill level 7 in Conjurations
  4457 | D:4      | Found a staircase to the Ecumenical Temple.
  4660 | Temple   | Entered the Ecumenical Temple
  4675 | Temple   | Became a worshipper of Vehumet
  4772 | D:5      | Entered Level 5 of the Dungeon
  5194 | D:4      | Reached skill level 1 in Armour
  5407 | D:4      | Found a transporter.
  5412 | D:4      | Found a transporter.
  5414 | D:4      | Identified the +10 dire flail of the Scroll {flame, rPois
                  | Str-4 Int+2}
  5414 | D:4      | Noticed NigelTetley's ghost (amateur FoFi)
  5549 | D:5      | Reached XP level 8. HP: 41/53 MP: 14/14
  5685 | D:5      | Noticed Ijyb
  5700 | D:5      | Killed Ijyb
  5776 | D:5      | Found a glowing silver altar of Zin.
  5781 | D:5      | Found a glowing golden altar of the Shining One.
  5803 | D:5      | Found Funilur's Antique Weapon Shoppe.
  5840 | D:5      | Found Tuudick's Weapon Emporium.
  5858 | D:5      | Noticed Eustachio
  5866 | D:5      | Killed Eustachio
  5901 | D:5      | Found an iron altar of Okawaru.
  6121 | D:5      | Found Ziloexu's Magic Scroll Shoppe.
  6124 | D:5      | Noticed Menkaure
  6131 | D:5      | Killed Menkaure
  6132 | D:5      | Reached skill level 1 in Fighting
  6132 | D:5      | Reached skill level 5 in Spellcasting
  6132 | D:5      | Reached skill level 8 in Conjurations
  6254 | D:5      | Found Yppeuwyg's Armour Emporium.
  6258 | D:5      | Found Ubilof's General Store.
  6438 | D:5      | Bought a scroll of identify for 20 gold pieces
  6448 | D:5      | Bought a scroll of identify for 24 gold pieces
  6448 | D:5      | Bought a scroll of enchant armour for 90 gold pieces
  6484 | D:6      | Killed from afar by a steam dragon

Illustrated notes

Levels and vault maps discovered:
D:1:      minmay_arrival_solitary_statue, layout_basic
D:2:      layout_loops_ring, basic_altar,
          shapermc_ecumenical_altar_starsandcircs, minmay_close_crescents
D:3:      layout_basic, nicolae_uskayaw_suspiria, ebering_ghost_inner_flame
D:4:      layout_basic, chequers_temple_overflow_statue_of_worship,
          minmay_temple_entry_junction, gammafunk_ghost_smash
D:5:      wander_river, layout_loops_ring, mainiacjoe_overflow_tiny_flanked,
          lemuel_crystal_altar, general_overflow_altar, serial_shops,
          shop_statue, shop_fountains, shop, nicolae_shop_behind_doors, shop,
          uniq_ijyb, uniq_eustachio, uniq_menkaure
D:6:      layout_basic, lemuel_round_altar, gammafunk_ghost_arena,
          minmay_misc_feat_plants
Temple:   zaba_magenta_temple

Skill      XL: |  1  2  3  4  5  6  7  8 |
---------------+-------------------------+-----
Conjurations   | 5 6 7 8 |  8.1
Spellcasting   | 3 4 5 |  5.1
Armour         | 1 2 |  2.3
Dodging        | 3 |  3.0
Fighting       | 1 |  1.0
Short Blades   | |  0.5
Maces & Flails | |  0.1
Stealth        | |  2.0
Hexes          | |  0.1

Action                   |  1- 3 |  4- 6 |  7- 9 || total
-------------------------+-------+-------+-------++-------
Melee: Dagger            |     8 |     3 |       ||    11
       Flail             |       |       |     4 ||     4
 Cast: Magic Dart        |    49 |    71 |    37 ||   157
       Searing Ray       |     1 |    19 |    27 ||    47
       Fulminant Prism   |       |     1 |       ||     1
  Use: Scroll            |       |       |    13 ||    13
Armor: Robe              |     1 |     2 |       ||     3
       Leather armour    |       |       |     8 ||     8
Dodge: Dodged            |     8 |    12 |    18 ||    38

Table legend: (Time is in decaauts)
 A = Elapsed time spent in this place.
 B = Non-inter-level travel time spent in this place.
 C = Inter-level travel time spent in this place.
 D = Time resting spent in this place.
 E = Time spent auto-exploring this place.
 F = Levels seen in this place.
 G = Mean time per level.
                   A        B        C        D        E       F      G
               +--------+--------+--------+--------+--------+-----+--------+
         Total |   6509 |   6042 |    467 |    227 |   5051 |   7 |  929.9 |
       Dungeon |   6431 |   5984 |    447 |    227 |   5003 |   6 | 1071.8 |
        Temple |     77 |     58 |     19 |      0 |     48 |   1 |   77.0 |
               +--------+--------+--------+--------+--------+-----+--------+

Top non-repeatable levels by time:
     D:4: 1637 daAuts
     D:1: 1594 daAuts
     D:2: 1348 daAuts
     D:5: 1122 daAuts
     D:3: 724 daAuts
  Temple: 77 daAuts
     D:6: 4 daAuts
